Map: Ice and Chrome LE

Players

Denver - Winner!

  • Race: Zerg Zerg
  • League: Master
  • Spawn Location: 7:00

Spatz

  • Race: Protoss Protoss
  • League: Master
  • Spawn Location: 1:00

Event: DreamHack SC2 Masters 2020 Summer Europe

VOD

Have the link to the VOD?

Description

Time

  • Played on: July 2, 2020, 2:09 p.m.
  • Length: 7:00

All games in this series

Show
View Real Time Build Order
Export as new Build Order

Denver Zerg - Winner!

Build Orders: Hatch First 

Get SALT Encoding   

  12  0:01  Drone  
  13  0:12  Overlord  
  13  0:17  Drone  
  14  0:30  Drone x2  
  16  0:49  Hatchery  
  15  0:51  Drone  
  15  0:56  Drone  
  17  1:03  Drone  
  18  1:11  Extractor  
  17  1:19  Spawning Pool  
  17  1:21  Drone  
  17  1:23  Drone  
  18  1:29  Drone  
  19  1:40  Drone  
  20  1:50  Drone  
  21  2:06  Queen x2  
  21  2:07  Zergling x4  
  27  2:11  Overlord  
  27  2:15  Metabolic Boost  
  27  2:19  Drone  
  28  2:33  Drone  
  29  2:38  Hatchery  
  29  2:41  Drone  
  29  2:45  Drone x2  
  29  2:50  Overlord  
  31  2:55  Drone x2  
  33  2:59  Drone  
  34  3:06  Spore Crawler  
  34  3:11  Drone x2  
  35  3:14  Drone x3  
  35  3:17  Zergling x2  
  39  3:21  Queen  
  39  3:25  Overlord  
  41  3:30  Drone x2  
  42  3:34  Queen  
  42  3:40  Overlord  
  44  3:43  Drone  
  45  3:51  Drone x4  
  45  3:52  Drone  
  45  3:55  Spore Crawler  
  49  3:57  Overlord  
  49  4:02  Drone, Spore Crawler  
  49  4:03  Spore Crawler  
  49  4:05  Overlord  
  49  4:07  Drone  
  49  4:12  Drone  
  49  4:14  Drone  
  51  4:17  Drone  
  51  4:19  Lair  
  51  4:23  Roach Warren  
  51  4:24  Drone  
  51  4:30  Drone x4  
  56  4:32  Overlord  
  56  4:42  Extractor  
  56  4:44  Drone x3, Extractor  
  56  4:46  Zergling x8  
  56  4:47  Overlord  
  56  4:52  Queen  
  61  5:00  Drone x6  
  61  5:05  Drone x2  
  61  5:06  Overlord  
  69  5:16  Drone x5  
  69  5:18  Roach  
  69  5:20  Glial Reconstitution  
  69  5:21  Extractor  
  75  5:25  Roach x3  
  81  5:31  Roach x3  
  81  5:34  Overlord  
  86  5:37  Overlord  
  86  5:43  Overlord  
  86  5:49  Overlord  
  85  5:52  Roach x6  
  97  5:57  Evolution Chamber  
  97  6:02  Roach x4  
  103  6:13  Roach x7  
  117  6:20  Roach x2  
  117  6:22  Overlord x2  
  117  6:23  Overlord  
  120  6:38  Roach  
  120  6:39  Overlord  
  122  6:44  Hatchery  
Show
View Real Time Build Order
Export as new Build Order

Spatz Protoss 

Build Orders: 1 Gate Expand, Oracle Opening, Phoenix Opening, Zealot Archon, Archon Drop 

Get SALT Encoding   

  12  0:00  Probe  
  13  0:12  Probe  
  14  0:18  Pylon  
  14  0:23  Probe  
  15  0:32  Probe  
  15  0:38  Gateway  
  15  0:40  Probe  
  16  0:47  Assimilator  
  17  0:51  Probe  
  18  1:04  Probe  
  19  1:16  Probe  
  20  1:25  Nexus  
  20  1:37  Cybernetics Core  
  20  1:39  Probe  
  21  1:47  Assimilator  
  21  1:52  Probe  
  22  1:56  Pylon  
  22  2:04  Probe  
  22  2:05  Adept  
  23  2:14  Probe  
  25  2:18  Stargate  
  25  2:22  Probe  
  26  2:25  Warp Gate  
  27  2:30  Probe  
  27  2:34  Probe  
  27  2:35  Adept  
  30  2:42  Probe x2  
  33  2:52  Probe  
  33  2:54  Probe  
  35  3:02  Phoenix  
  35  3:04  Probe  
  38  3:08  Probe  
  39  3:16  Probe  
  40  3:20  Probe  
  40  3:23  Pylon  
  41  3:28  Probe  
  41  3:29  Gateway  
  41  3:32  Probe  
  43  3:35  Oracle  
  43  3:39  Assimilator  
  43  3:40  Assimilator, Probe  
  46  3:44  Probe  
  46  3:45  Robotics Facility  
  48  3:48  Probe  
  48  3:52  Probe  
  49  3:57  Probe  
  49  3:58  Pylon  
  49  4:00  Twilight Council  
  49  4:02  Probe  
  51  4:09  Probe  
  53  4:14  Probe  
  54  4:21  Probe  
  54  4:22  Warp Prism  
  55  4:26  Pylon  
  55  4:30  Gateway  
  55  4:31  Gateway  
  55  4:35  Charge  
  59  4:41  Pylon  
  57  4:45  Templar Archives  
  57  4:47  Zealot  
  57  4:51  Zealot  
  61  5:07  Nexus  
  61  5:20  Adept, Zealot  
  65  5:22  Pylon  
  65  5:27  High Templar x2  
  69  5:30  Gateway  
  69  5:32  Gateway  
  69  5:33  Archon  
  66  5:40  Adept x2  
  70  5:42  Gateway  
  67  5:52  Gateway  
  67  5:56  Pylon  
  67  6:00  Zealot  
  67  6:03  Zealot x3  
  74  6:09  Gateway  
  74  6:11  Probe  
  75  6:17  Probe  
  75  6:18  Pylon  
  76  6:23  High Templar x4  
  84  6:26  Zealot  
  84  6:27  Archon x2  
  86  6:45  Zealot x2  
  86  6:46  Zealot x2  
Tags
 
Add a new tag
Caveats
  • Supply blocks, unpowered buildings, or Contaminate may cause inaccurate times.
  • Supply counts are checked every 10 seconds.